Workbook

Sheet COTIZACIONES
B1: FECHA | C1: MUNICIPIO | D1: REGISTRO WEB | E1: COTIZACIÓN | H1: PRESUPUESTO OFICIAL
H2: VALOR UNITARIO | K2: COSTO FINAL
E3: DETALLE | F3: UNIDAD MEDIDA | G3: CANT. | H3: VALOR UNITARIO BRUTO | I3: % IVA | J3: VALOR UNITARIO INCLUIDO IVA | K3: SUBTOTAL ANTES IVA | L3: COSTO TOTAL INCLUÍDO IVA
B4: 46237 | C4: Ebéjico | D4: https://n9.cl/snubx | E4: Guantes desechables de látex talla s | F4: Caja x 100 unidades | G4: 5 | H4: 13860 | I4: 0.19 | J4: =ROUND(H4+(H4*I4),0) -> 16493 | K4: =ROUND(H4*G4,0) -> 69300 | L4: =ROUND(G4*J4,0) -> 82465 | N4: =+M4/1.19 -> 0
D5: https://n9.cl/nx28i | E5: Guantes desechables de látex talla s | F5: Caja x 100 unidades | G5: 5 | H5: 18238 | I5: 0.19 | J5: =ROUND(H5+(H5*I5),0) -> 21703 | K5: =ROUND(H5*G5,0) -> 91190 | L5: =ROUND(G5*J5,0) -> 108515
D6: https://n9.cl/8thrdl | E6: Guantes desechables de látex talla M | F6: Cajas x 100 unidades | G6: 10 | H6: 23500 | I6: 0.19 | J6: =ROUND(H6+(H6*I6),0) -> 27965 | K6: =ROUND(H6*G6,0) -> 235000 | L6: =ROUND(G6*J6,0) -> 279650
D7: https://n9.cl/ojs73f | E7: Guantes desechables de látex talla M | F7: Cajas x 100 unidades | G7: 10 | H7: 23750 | I7: 0.19 | J7: =ROUND(H7+(H7*I7),0) -> 28263 | K7: =ROUND(H7*G7,0) -> 237500 | L7: =ROUND(G7*J7,0) -> 282630
D8: https://n9.cl/abnoy | E8: Lidocaina al 2% sin epinefrina Frasco por 50 mL | F8: Frascos x 50 ml | G8: 8 | H8: 19181 | I8: 0 | J8: =ROUND(H8+(H8*I8),0) -> 19181 | K8: =ROUND(H8*G8,0) -> 153448 | L8: =ROUND(G8*J8,0) -> 153448 | N8: =+M8/1.19 -> 0
D9: https://n9.cl/rho0wm | E9: Lidocaina al 2% sin epinefrina Frasco por 50 mL | F9: Frascos x 50 ml | G9: 8 | H9: 15000 | I9: 0 | J9: =ROUND(H9+(H9*I9),0) -> 15000 | K9: =ROUND(H9*G9,0) -> 120000 | L9: =ROUND(G9*J9,0) -> 120000
D10: https://n9.cl/yapxh | E10: Alcohol antiséptico x galón | F10: Galon | G10: 3 | H10: 38945 | I10: 0 | J10: =ROUND(H10+(H10*I10),0) -> 38945 | K10: =ROUND(H10*G10,0) -> 116835 | L10: =ROUND(G10*J10,0) -> 116835
D11: https://n9.cl/ilopl | E11: Alcohol antiséptico x galón | F11: Galon | G11: 3 | H11: 43756 | I11: 0 | J11: =ROUND(H11+(H11*I11),0) -> 43756 | K11: =ROUND(H11*G11,0) -> 131268 | L11: =ROUND(G11*J11,0) -> 131268
D12: https://n9.cl/k8p2w | E12: Iodiger (yodopovidona) espuma | F12: Frasco x 1000ml | G12: 1 | H12: 45000 | I12: 0 | J12: =ROUND(H12+(H12*I12),0) -> 45000 | K12: =ROUND(H12*G12,0) -> 45000 | L12: =ROUND(G12*J12,0) -> 45000
D13: https://n9.cl/12m9e | E13: Iodiger (yodopovidona) espuma | F13: Frasco x 1000ml | G13: 1 | H13: 53800 | I13: 0 | J13: =ROUND(H13+(H13*I13),0) -> 53800 | K13: =ROUND(H13*G13,0) -> 53800 | L13: =ROUND(G13*J13,0) -> 53800
D14: https://n9.cl/buwpy | E14: Agua oxigenada | F14: Galon | G14: 3 | H14: 39900 | I14: 0 | J14: =ROUND(H14+(H14*I14),0) -> 39900 | K14: =ROUND(H14*G14,0) -> 119700 | L14: =ROUND(G14*J14,0) -> 119700 | N14: =+M14/1.19 -> 0
D15: https://n9.cl/2ovnh | E15: Agua oxigenada | F15: Galon | G15: 3 | H15: 55550 | I15: 0 | J15: =ROUND(H15+(H15*I15),0) -> 55550 | K15: =ROUND(H15*G15,0) -> 166650 | L15: =ROUND(G15*J15,0) -> 166650
D16: https://n9.cl/8b8eol | E16: Jeringa desechable de 50 ml | F16: Unidades | G16: 10 | H16: 5557 | I16: 0.19 | J16: =ROUND(H16+(H16*I16),0) -> 6613 | K16: =ROUND(H16*G16,0) -> 55570 | L16: =ROUND(G16*J16,0) -> 66130
D17: https://n9.cl/v4oba | E17: Jeringa desechable de 50 ml | F17: Unidades | G17: 10 | H17: 5400 | I17: 0.19 | J17: =ROUND(H17+(H17*I17),0) -> 6426 | K17: =ROUND(H17*G17,0) -> 54000 | L17: =ROUND(G17*J17,0) -> 64260
D18: https://n9.cl/8hq9c | E18: Aguja desechable calibre 23 de una pulgada (23 x 1") | F18: Cajas por 100 unidades | G18: 2 | H18: 25974 | I18: 0.19 | J18: =ROUND(H18+(H18*I18),0) -> 30909 | K18: =ROUND(H18*G18,0) -> 51948 | L18: =ROUND(G18*J18,0) -> 61818
D19: https://n9.cl/23h7c | E19: Aguja desechable calibre 23 de una pulgada (23 x 1") | F19: Cajas por 100 unidades | G19: 2 | H19: 27000 | I19: 0.19 | J19: =ROUND(H19+(H19*I19),0) -> 32130 | K19: =ROUND(H19*G19,0) -> 54000 | L19: =ROUND(G19*J19,0) -> 64260
D20: https://n9.cl/imz9w | E20: Venocatéter (azul) | F20: Unidades | G20: 18 | H20: 3000 | I20: 0 | J20: =ROUND(H20+(H20*I20),0) -> 3000 | K20: =ROUND(H20*G20,0) -> 54000 | L20: =ROUND(G20*J20,0) -> 54000
D21: https://n9.cl/zf7iz | E21: Venocatéter (azul) | F21: Unidades | G21: 18 | H21: 3000 | I21: 0 | J21: =ROUND(H21+(H21*I21),0) -> 3000 | K21: =ROUND(H21*G21,0) -> 54000 | L21: =ROUND(G21*J21,0) -> 54000
D22: https://n9.cl/bnf99m | E22: Venocatéter (amarillo) | F22: Unidades | G22: 18 | H22: 3900 | I22: 0 | J22: =ROUND(H22+(H22*I22),0) -> 3900 | K22: =ROUND(H22*G22,0) -> 70200 | L22: =ROUND(G22*J22,0) -> 70200
D23: https://n9.cl/womrlz | E23: Venocatéter (amarillo) | F23: Unidades | G23: 18 | H23: 3000 | I23: 0 | J23: =ROUND(H23+(H23*I23),0) -> 3000 | K23: =ROUND(H23*G23,0) -> 54000 | L23: =ROUND(G23*J23,0) -> 54000
D24: https://n9.cl/nrax7 | E24: Venocatéter (rosado) | F24: Unidades | G24: 18 | H24: 3000 | I24: 0 | J24: =ROUND(H24+(H24*I24),0) -> 3000 | K24: =ROUND(H24*G24,0) -> 54000 | L24: =ROUND(G24*J24,0) -> 54000
D25: https://n9.cl/xlkez | E25: Venocatéter (rosado) | F25: Unidades | G25: 18 | H25: 2400 | I25: 0 | J25: =ROUND(H25+(H25*I25),0) -> 2400 | K25: =ROUND(H25*G25,0) -> 43200 | L25: =ROUND(G25*J25,0) -> 43200
D26: https://n9.cl/s303cl | E26: Cuchillas de bisturí número 20 | F26: Caja por 100 unidades | G26: 2 | H26: 83388 | I26: 0.19 | J26: =ROUND(H26+(H26*I26),0) -> 99232 | K26: =ROUND(H26*G26,0) -> 166776 | L26: =ROUND(G26*J26,0) -> 198464
... D67: https://n9.cl/55wqf | E67: ThanesiaSolución inyectable, con fecha de vencimiento o caducidad para el año 2028 | F67: Frascos x 50 ml | G67: 10 | H67: 436000 | I67: 0 | J67: =ROUND(H67+(H67*I67),0) -> 436000 | K67: =ROUND(H67*G67,0) -> 4360000 | L67: =ROUND(G67*J67,0) -> 4360000

Sheet MATRIZ DE INSUMOS
A1: MATRIZ DE INSUMOS
A2: ITEM | B2: DETALLE | C2: UNIDAD MEDIDA | D2: VALOR UNITARIO INCLUÍDO IVA | F2: MEDIDA ESTADÍSTICA SELECCIONADA | G2: VALOR UNITARIO
D3: Proveedor 1 | E3: Proveedor 2
A4: 1 | B4: Guantes desechables de látex talla s | C4: Caja x 100 unidades | D4: =+COTIZACIONES!J4 -> 16493 | E4: =+COTIZACIONES!J5 -> 21703 | F4: Promedio | G4: =+IFERROR(ROUNDUP(IF(F4="Promedio",AVERAGE(D4:E4),IF(F4="Mínimo",MIN(D4:E4),IF(F4="Máximo",MAX(D4:E4),IF(F4="Moda",MODE(D4:E4),IF(F4="Mediana",MEDIAN(D4:E4),""))))),0),"") -> 19098
A5: 2 | B5: Guantes desechables de látex talla M | C5: Cajas x 100 unidades | D5: =+COTIZACIONES!J6 -> 27965 | E5: =+COTIZACIONES!J7 -> 28263 | F5: Promedio | G5: =+IFERROR(ROUNDUP(IF(F5="Promedio",AVERAGE(D5:E5),IF(F5="Mínimo",MIN(D5:E5),IF(F5="Máximo",MAX(D5:E5),IF(F5="Moda",MODE(D5:E5),IF(F5="Mediana",MEDIAN(D5:E5),""))))),0),"") -> 28114
A6: 5 | B6: Lidocaina al 2% sin epinefrina Frasco por 50 mL | C6: Frascos x 50 ml | D6: =+COTIZACIONES!J8 -> 19181 | E6: =+COTIZACIONES!J9 -> 15000 | F6: Promedio | G6: =+IFERROR(ROUNDUP(IF(F6="Promedio",AVERAGE(D6:E6),IF(F6="Mínimo",MIN(D6:E6),IF(F6="Máximo",MAX(D6:E6),IF(F6="Moda",MODE(D6:E6),IF(F6="Mediana",MEDIAN(D6:E6),""))))),0),"") -> 17091
A7: 6 | B7: Alcohol antiséptico x galón | C7: Galon | D7: =+COTIZACIONES!J10 -> 38945 | E7: =+COTIZACIONES!J11 -> 43756 | F7: Promedio | G7: =+IFERROR(ROUNDUP(IF(F7="Promedio",AVERAGE(D7:E7),IF(F7="Mínimo",MIN(D7:E7),IF(F7="Máximo",MAX(D7:E7),IF(F7="Moda",MODE(D7:E7),IF(F7="Mediana",MEDIAN(D7:E7),""))))),0),"") -> 41351
A8: 7 | B8: Iodiger (yodopovidona) espuma x 1000 ml | C8: Frasco x 1000ml | D8: =+COTIZACIONES!J12 -> 45000 | E8: =+COTIZACIONES!J13 -> 53800 | F8: Promedio | G8: =+IFERROR(ROUNDUP(IF(F8="Promedio",AVERAGE(D8:E8),IF(F8="Mínimo",MIN(D8:E8),IF(F8="Máximo",MAX(D8:E8),IF(F8="Moda",MODE(D8:E8),IF(F8="Mediana",MEDIAN(D8:E8),""))))),0),"") -> 49400
A9: 8 | B9: Agua oxigenada | C9: Galon | D9: =+COTIZACIONES!J14 -> 39900 | E9: =+COTIZACIONES!J15 -> 55550 | F9: Promedio | G9: =+IFERROR(ROUNDUP(IF(F9="Promedio",AVERAGE(D9:E9),IF(F9="Mínimo",MIN(D9:E9),IF(F9="Máximo",MAX(D9:E9),IF(F9="Moda",MODE(D9:E9),IF(F9="Mediana",MEDIAN(D9:E9),""))))),0),"") -> 47725
A10: 9 | B10: Jeringa desechable de 50 ml | C10: Unidades | D10: =+COTIZACIONES!J16 -> 6613 | E10: =+COTIZACIONES!J17 -> 6426 | F10: Promedio | G10: =+IFERROR(ROUNDUP(IF(F10="Promedio",AVERAGE(D10:E10),IF(F10="Mínimo",MIN(D10:E10),IF(F10="Máximo",MAX(D10:E10),IF(F10="Moda",MODE(D10:E10),IF(F10="Mediana",MEDIAN(D10:E10),""))))),0),"") -> 6520
A11: 10 | B11: Aguja desechable calibre 23 de una pulgada (23 x 1") | C11: Cajas por 100 unidades | D11: =+COTIZACIONES!J18 -> 30909 | E11: =+COTIZACIONES!J19 -> 32130 | F11: Promedio | G11: =+IFERROR(ROUNDUP(IF(F11="Promedio",AVERAGE(D11:E11),IF(F11="Mínimo",MIN(D11:E11),IF(F11="Máximo",MAX(D11:E11),IF(F11="Moda",MODE(D11:E11),IF(F11="Mediana",MEDIAN(D11:E11),""))))),0),"") -> 31520
A12: 11 | B12: Venocatéter (azul) | C12: Unidades | D12: =+COTIZACIONES!J20 -> 3000 | E12: =+COTIZACIONES!J21 -> 3000 | F12: Promedio | G12: =+IFERROR(ROUNDUP(IF(F12="Promedio",AVERAGE(D12:E12),IF(F12="Mínimo",MIN(D12:E12),IF(F12="Máximo",MAX(D12:E12),IF(F12="Moda",MODE(D12:E12),IF(F12="Mediana",MEDIAN(D12:E12),""))))),0),"") -> 3000
A13: 12 | B13: Venocatéter (amarillo) | C13: Unidades | D13: =+COTIZACIONES!J22 -> 3900 | E13: =+COTIZACIONES!J23 -> 3000 | F13: Promedio | G13: =+IFERROR(ROUNDUP(IF(F13="Promedio",AVERAGE(D13:E13),IF(F13="Mínimo",MIN(D13:E13),IF(F13="Máximo",MAX(D13:E13),IF(F13="Moda",MODE(D13:E13),IF(F13="Mediana",MEDIAN(D13:E13),""))))),0),"") -> 3450
A14: 13 | B14: Venocatéter (rosado) | C14: Unidades | D14: =+COTIZACIONES!J24 -> 3000 | E14: =+COTIZACIONES!J25 -> 2400 | F14: Promedio | G14: =+IFERROR(ROUNDUP(IF(F14="Promedio",AVERAGE(D14:E14),IF(F14="Mínimo",MIN(D14:E14),IF(F14="Máximo",MAX(D14:E14),IF(F14="Moda",MODE(D14:E14),IF(F14="Mediana",MEDIAN(D14:E14),""))))),0),"") -> 2700
A15: 14 | B15: Cuchillas de bisturí número 20 | C15: Caja por 100 unidades | D15: =+COTIZACIONES!J26 -> 99232 | E15: =+COTIZACIONES!J27 -> 64260 | F15: Promedio | G15: =+IFERROR(ROUNDUP(IF(F15="Promedio",AVERAGE(D15:E15),IF(F15="Mínimo",MIN(D15:E15),IF(F15="Máximo",MAX(D15:E15),IF(F15="Moda",MODE(D15:E15),IF(F15="Mediana",MEDIAN(D15:E15),""))))),0),"") -> 81746
A16: 15 | B16: Toalla desechable de papel en rollo | C16: Rollos | D16: =+COTIZACIONES!J28 -> 38021 | E16: =+COTIZACIONES!J29 -> 46767 | F16: Promedio | G16: =+IFERROR(ROUNDUP(IF(F16="Promedio",AVERAGE(D16:E16),IF(F16="Mínimo",MIN(D16:E16),IF(F16="Máximo",MAX(D16:E16),IF(F16="Moda",MODE(D16:E16),IF(F16="Mediana",MEDIAN(D16:E16),""))))),0),"") -> 42394
A17: 16 | B17: Sutura quirúrgica Cat Gut crómico 2-0 40 mm, 75 cm CC20MR40R | C17: Caja x 24 unidades | D17: =+COTIZACIONES!J30 -> 228100 | E17: =+COTIZACIONES!J31 -> 157800 | F17: Promedio | G17: =+IFERROR(ROUNDUP(IF(F17="Promedio",AVERAGE(D17:E17),IF(F17="Mínimo",MIN(D17:E17),IF(F17="Máximo",MAX(D17:E17),IF(F17="Moda",MODE(D17:E17),IF(F17="Mediana",MEDIAN(D17:E17),""))))),0),"") -> 192950
A18: 17 | B18: Sutura quirúrgica Simple 2-0 con aguja MR40 (medio círculo, redonda) | C18: Caja x 24 unidades | D18: =+COTIZACIONES!J32 -> 228100 | E18: =+COTIZACIONES!J33 -> 248400 | F18: Promedio | G18: =+IFERROR(ROUNDUP(IF(F18="Promedio",AVERAGE(D18:E18),IF(F18="Mínimo",MIN(D18:E18),IF(F18="Máximo",MAX(D18:E18),IF(F18="Moda",MODE(D18:E18),IF(F18="Mediana",MEDIAN(D18:E18),""))))),0),"") -> 238250
A19: 18 | B19: Sutura quirúrgica multifilamento, sintética y reabsorbible violeta: ácido poliglicólico o de poliglactina = Vicryl® 2-0 (doble cero) MR40 aguja medio circulo redonda | C19: Caja x 12 unidades | D19: =+COTIZACIONES!J34 -> 150000 | E19: =+COTIZACIONES!J35 -> 128050 | F19: Promedio | G19: =+IFERROR(ROUNDUP(IF(F19="Promedio",AVERAGE(D19:E19),IF(F19="Mínimo",MIN(D19:E19),IF(F19="Máximo",MAX(D19:E19),IF(F19="Moda",MODE(D19:E19),IF(F19="Mediana",MEDIAN(D19:E19),""))))),0),"") -> 139025
A20: 19 | B20: Sutura quirúrgica multifilamento, sintética y reabsorbible violeta: ácido poliglicólico o de poliglactina = Vicryl® 3-0 (tres cero) MR40 aguja medio circulo redonda | C20: Caja x 12 unidades | D20: =+COTIZACIONES!J36 -> 174000 | E20: =+COTIZACIONES!J37 -> 142400 | F20: Promedio | G20: =+IFERROR(ROUNDUP(IF(F20="Promedio",AVERAGE(D20:E20),IF(F20="Mínimo",MIN(D20:E20),IF(F20="Máximo",MAX(D20:E20),IF(F20="Moda",MODE(D20:E20),IF(F20="Mediana",MEDIAN(D20:E20),""))))),0),"") -> 158200
A21: 20 | B21: Sutura quirúrgica multifilamento, sintética y reabsorbible violeta: ácido poliglicólico o de poliglactina = Vicryl 1® (número uno) MR40 aguja medio circulo redonda | C21: Caja x 12 unidades | D21: =+COTIZACIONES!J38 -> 180000 | E21: =+COTIZACIONES!J39 -> 165876 | F21: Promedio | G21: =+IFERROR(ROUNDUP(IF(F21="Promedio",AVERAGE(D21:E21),IF(F21="Mínimo",MIN(D21:E21),IF(F21="Máximo",MAX(D21:E21),IF(F21="Moda",MODE(D21:E21),IF(F21="Mediana",MEDIAN(D21:E21),""))))),0),"") -> 172938
A22: 21 | B22: Unitral® L.A. inyectable (Amoxicilina 15%) | C22: Frasco x 100 ml | D22: =+COTIZACIONES!J40 -> 127500 | E22: =+COTIZACIONES!J41 -> 118750 | F22: Promedio | G22: =+IFERROR(ROUNDUP(IF(F22="Promedio",AVERAGE(D22:E22),IF(F22="Mínimo",MIN(D22:E22),IF(F22="Máximo",MAX(D22:E22),IF(F22="Moda",MODE(D22:E22),IF(F22="Mediana",MEDIAN(D22:E22),""))))),0),"") -> 123125
A23: 22 | B23: Ketoprofeno inyectable frasco por 50 mL | C23: Frascos x 50 ml | D23: =+COTIZACIONES!J42 -> 74972 | E23: =+COTIZACIONES!J53 -> 6100 | F23: Promedio | G23: =+IFERROR(ROUNDUP(IF(F23="Promedio",AVERAGE(D23:E23),IF(F23="Mínimo",MIN(D23:E23),IF(F23="Máximo",MAX(D23:E23),IF(F23="Moda",MODE(D23:E23),IF(F23="Mediana",MEDIAN(D23:E23),""))))),0),"") -> 40536
A24: 23 | B24: Dipirona en solución inyectable 50 mL | C24: Frascos x 50 ml | D24: =+COTIZACIONES!J44 -> 29900 | E24: =+COTIZACIONES!J45 -> 35500 | F24: Promedio | G24: =+IFERROR(ROUNDUP(IF(F24="Promedio",AVERAGE(D24:E24),IF(F24="Mínimo",MIN(D24:E24),IF(F24="Máximo",MAX(D24:E24),IF(F24="Moda",MODE(D24:E24),IF(F24="Mediana",MEDIAN(D24:E24),""))))),0),"") -> 32700
A25: 24 | B25: Adrenalina x 20 mL | C25: Frascos | D25: =+COTIZACIONES!J46 -> 45200 | E25: =+COTIZACIONES!J47 -> 51620 | F25: Promedio | G25: =+IFERROR(ROUNDUP(IF(F25="Promedio",AVERAGE(D25:E25),IF(F25="Mínimo",MIN(D25:E25),IF(F25="Máximo",MAX(D25:E25),IF(F25="Moda",MODE(D25:E25),IF(F25="Mediana",MEDIAN(D25:E25),""))))),0),"") -> 48410
A26: 25 | B26: Resupram x 20 mL | C26: Frascos | D26: =+COTIZACIONES!J48 -> 146400 | E26: =+COTIZACIONES!J49 -> 105000 | F26: Promedio | G26: =+IFERROR(ROUNDUP(IF(F26="Promedio",AVERAGE(D26:E26),IF(F26="Mínimo",MIN(D26:E26),IF(F26="Máximo",MAX(D26:E26),IF(F26="Moda",MODE(D26:E26),IF(F26="Mediana",MEDIAN(D26:E26),""))))),0),"") -> 125700
A27: 26 | B27: Cerenia inyectable frasco por 20 ml | C27: Frascos x 20 ml | D27: =+COTIZACIONES!J50 -> 256187 | E27: =+COTIZACIONES!J51 -> 252300 | F27: Promedio | G27: =+IFERROR(ROUNDUP(IF(F27="Promedio",AVERAGE(D27:E27),IF(F27="Mínimo",MIN(D27:E27),IF(F27="Máximo",MAX(D27:E27),IF(F27="Moda",MODE(D27:E27),IF(F27="Mediana",MEDIAN(D27:E27),""))))),0),"") -> 254244
A28: 27 | B28: Ácido tranexámico | C28: Unidades | D28: =+COTIZACIONES!J52 -> 7623 | E28: =+COTIZACIONES!J53 -> 6100 | F28: Promedio | G28: =+IFERROR(ROUNDUP(IF(F28="Promedio",AVERAGE(D28:E28),IF(F28="Mínimo",MIN(D28:E28),IF(F28="Máximo",MAX(D28:E28),IF(F28="Moda",MODE(D28:E28),IF(F28="Mediana",MEDIAN(D28:E28),""))))),0),"") -> 6862
A29: 28 | B29: Quercetol frasco por 50 ml | C29: Frascos x 50 ml | D29: =+COTIZACIONES!J54 -> 122300 | E29: =+COTIZACIONES!J55 -> 104600 | F29: Promedio | G29: =+IFERROR(ROUNDUP(IF(F29="Promedio",AVERAGE(D29:E29),IF(F29="Mínimo",MIN(D29:E29),IF(F29="Máximo",MAX(D29:E29),IF(F29="Moda",MODE(D29:E29),IF(F29="Mediana",MEDIAN(D29:E29),""))))),0),"") -> 113450
A30: 29 | B30: Micropore Blanco 1" x 10 YDS | C30: Caja x 12 unidades | D30: =+COTIZACIONES!J56 -> 69500 | E30: =+COTIZACIONES!J57 -> 69900 | F30: Promedio | G30: =+IFERROR(ROUNDUP(IF(F30="Promedio",AVERAGE(D30:E30),IF(F30="Mínimo",MIN(D30:E30),IF(F30="Máximo",MAX(D30:E30),IF(F30="Moda",MODE(D30:E30),IF(F30="Mediana",MEDIAN(D30:E30),""))))),0),"") -> 69700
A31: 30 | B31: Jeringa desechable de 100 UI, con aguja calibre 23 de una pulgada (23 x 1") | C31: Caja por 100 unidades | D31: =+COTIZACIONES!J58 -> 65450 | E31: =+COTIZACIONES!J59 -> 59500 | F31: Promedio | G31: =+IFERROR(ROUNDUP(IF(F31="Promedio",AVERAGE(D31:E31),IF(F31="Mínimo",MIN(D31:E31),IF(F31="Máximo",MAX(D31:E31),IF(F31="Moda",MODE(D31:E31),IF(F31="Mediana",MEDIAN(D31:E31),""))))),0),"") -> 62475
A32: 31 | B32: Ketoprofeno inyectable | C32: Frascos x 50 ml | D32: =+COTIZACIONES!J60 -> 96500 | E32: =+COTIZACIONES!J61 -> 78918 | F32: Promedio | G32: =+IFERROR(ROUNDUP(IF(F32="Promedio",AVERAGE(D32:E32),IF(F32="Mínimo",MIN(D32:E32),IF(F32="Máximo",MAX(D32:E32),IF(F32="Moda",MODE(D32:E32),IF(F32="Mediana",MEDIAN(D32:E32),""))))),0),"") -> 87709
A33: 32 | B33: Meloxicam solución inyectable (15 mg/mL) | C33: Frasco x 50 ml | D33: =+COTIZACIONES!J62 -> 68000 | E33: =+COTIZACIONES!J63 -> 42700 | F33: Promedio | G33: =+IFERROR(ROUNDUP(IF(F33="Promedio",AVERAGE(D33:E33),IF(F33="Mínimo",MIN(D33:E33),IF(F33="Máximo",MAX(D33:E33),IF(F33="Moda",MODE(D33:E33),IF(F33="Mediana",MEDIAN(D33:E33),""))))),0),"") -> 55350
A34: 33 | B34: Flumixin meglumine. | C34: Frascos x 50 ml | D34: =+COTIZACIONES!J64 -> 48491 | E34: =+COTIZACIONES!J65 -> 62200 | F34: Promedio | G34: =+IFERROR(ROUNDUP(IF(F34="Promedio",AVERAGE(D34:E34),IF(F34="Mínimo",MIN(D34:E34),IF(F34="Máximo",MAX(D34:E34),IF(F34="Moda",MODE(D34:E34),IF(F34="Mediana",MEDIAN(D34:E34),""))))),0),"") -> 55346
A35: 35 | B35: ThanesiaSolución inyectable, con fecha de vencimiento o caducidad para el año 2028 | C35: Frascos x 50 ml | D35: =+COTIZACIONES!J66 -> 479600 | E35: =+COTIZACIONES!J67 -> 436000 | F35: Promedio | G35: =+IFERROR(ROUNDUP(IF(F35="Promedio",AVERAGE(D35:E35),IF(F35="Mínimo",MIN(D35:E35),IF(F35="Máximo",MAX(D35:E35),IF(F35="Moda",MODE(D35:E35),IF(F35="Mediana",MEDIAN(D35:E35),""))))),0),"") -> 457800
A36: 50 | B36: Trasporte | C36: Global | D36: 300000 | E36: 300000 | F36: Promedio | G36: 300000
A37: VALOR TOTAL | G37: =SUM(G4:G36) -> 3108879

Sheet MATRIZ DE INVERSION
A1: PRESUPUESTO OFICIAL
A2: ITEM | B2: DETALLE | C2: UNIDAD | D2: CANTIDAD | E2: VALOR UNITARIO, TOMADO DEL PROMEDIO (SUMA Y DIVISIÓN) DEL VALOR UNITARIO DE CADA PRODUCTO, DE LA PESTAÑA DE "COTIZACIONES" | F2: VALOR UNITARIO + CARGA TRIBUTARIA | G2: VALOR TOTAL
A4: 1 | B4: Guantes desechables de látex talla s | C4: Caja x 100 unidades | D4: 5 | E4: =+'MATRIZ DE INSUMOS'!G4 -> 19098 | F4: =+E4/0.88 -> 21702.273 | G4: =+F4*D4 -> 108511.36
A5: 2 | B5: Guantes desechables de látex talla M | C5: Cajas x 100 unidades | D5: 10 | E5: =+'MATRIZ DE INSUMOS'!G5 -> 28114 | F5: =+E5/0.88 -> 31947.727 | G5: =+F5*D5 -> 319477.27
A6: 5 | B6: Lidocaina al 2% sin epinefrina Frasco por 50 mL | C6: Frascos x 50 ml | D6: 8 | E6: =+'MATRIZ DE INSUMOS'!G6 -> 17091 | F6: =+E6/0.88 -> 19421.591 | G6: =+F6*D6 -> 155372.73
A7: 6 | B7: Alcohol antiséptico x galón | C7: Galon | D7: 3 | E7: =+'MATRIZ DE INSUMOS'!G7 -> 41351 | F7: =+E7/0.88 -> 46989.773 | G7: =+F7*D7 -> 140969.32
A8: 7 | B8: Iodiger (yodopovidona) espuma x 1000 ml | C8: Frasco x 1000ml | D8: 1 | E8: =+'MATRIZ DE INSUMOS'!G8 -> 49400 | F8: =+E8/0.88 -> 56136.364 | G8: =+F8*D8 -> 56136.364
A9: 8 | B9: Agua oxigenada | C9: Galon | D9: 3 | E9: =+'MATRIZ DE INSUMOS'!G9 -> 47725 | F9: =+E9/0.88 -> 54232.955 | G9: =+F9*D9 -> 162698.86
A10: 9 | B10: Jeringa desechable de 50 ml | C10: Unidades | D10: 10 | E10: =+'MATRIZ DE INSUMOS'!G10 -> 6520 | F10: =+E10/0.88 -> 7409.0909 | G10: =+F10*D10 -> 74090.909
A11: 10 | B11: Aguja desechable calibre 23 de una pulgada (23 x 1") | C11: Cajas por 100 unidades | D11: 2 | E11: =+'MATRIZ DE INSUMOS'!G11 -> 31520 | F11: =+E11/0.88 -> 35818.182 | G11: =+F11*D11 -> 71636.364
A12: 11 | B12: Venocatéter (azul) | C12: Unidades | D12: 18 | E12: =+'MATRIZ DE INSUMOS'!G12 -> 3000 | F12: =+E12/0.88 -> 3409.0909 | G12: =+F12*D12 -> 61363.636
A13: 12 | B13: Venocatéter (amarillo) | C13: Unidades | D13: 18 | E13: =+'MATRIZ DE INSUMOS'!G13 -> 3450 | F13: =+E13/0.88 -> 3920.4545 | G13: =+F13*D13 -> 70568.182
A14: 13 | B14: Venocatéter (rosado) | C14: Unidades | D14: 18 | E14: =+'MATRIZ DE INSUMOS'!G14 -> 2700 | F14: =+E14/0.88 -> 3068.1818 | G14: =+F14*D14 -> 55227.273
A15: 14 | B15: Cuchillas de bisturí número 20 | C15: Caja por 100 unidades | D15: 2 | E15: =+'MATRIZ DE INSUMOS'!G15 -> 81746 | F15: =+E15/0.88 -> 92893.182 | G15: =+F15*D15 -> 185786.36
... A35: 34 | B35: Thanesia Solución inyectable, con fecha de vencimiento o caducidad para el año 2028 | C35: Frascos x 50 ml | D35: 10 | E35: =+'MATRIZ DE INSUMOS'!G35 -> 457800 | F35: =+E35/0.88 -> 520227.27 | G35: =+F35*D35 -> 5202272.7
A36: 37 | B36: Trasporte | C36: Global | D36: 1 | E36: 300000 | F36: =+E36/0.88 -> 340909.09 | G36: =+F36*D36 -> 340909.09
B37: VALOR TOTAL: | E37: =SUM(E4:E36) -> 3108879 | F37: =SUM(F4:F36) -> 3532817 | G37: =SUM(G4:G36) -> 14903302
